 Dungeon Crawl Stone Soup version 0.27.1-4-g1640c2035a (webtiles) character file.

Game seed: 17961658188009417597

36 ABBCCCDDDD the Sneak (level 3, 0/33 HPs)
             Began as a Hill Orc Delver on Nov 2, 2021.
             Slain by an orc (3 damage)
             ... on level 6 of the Dungeon.
             The game lasted 00:00:44 (644 turns).

ABBCCCDDDD the Sneak (Hill Orc Delver)               Turns: 644, Time: 00:00:45

Health: 0/33       AC:  3    Str: 15    XL:     3   Next: 37%
Magic:  3/3        EV: 11    Int: 10    God:
Gold:   9          SH:  0    Dex: 12    Spells: 2/2 levels left

rFire    . . .     SeeInvis .   a - +0 hand axe
rCold    . . .     Faith    .   (no shield)
rNeg     . . .     Spirit   .   b - +0 leather armour
rPois    .         Reflect  .   (no helmet)
rElec    .         Harm     .   (no cloak)
rCorr    .         Rampage  .   (no gloves)
Will     .....                  (no boots)
Stlth    ++........             (no amulet)
HPRegen  0.11/turn              (no ring)
MPRegen  0.08/turn              (no ring)

@: no status effects
A: no striking features
a: no special abilities


You were on level 6 of the Dungeon.
You visited 1 branch of the dungeon, and saw 2 of its levels.

You collected 9 gold pieces.

Inventory:

Hand Weapons
 a - a +0 hand axe (weapon)
Armour
 b - a +0 leather armour (worn)
Wands
 g - a wand of digging (3)
Scrolls
 c - a scroll of fog
 d - a scroll of magic mapping
 e - a scroll of fear


   Skills:
 + Level 4.1 Fighting
 * Level 4.0 Axes
 + Level 1.3 Armour
 - Level 1.5 Dodging
 - Level 4.1 Stealth


You had 2 spell levels left.
You didn't know any spells.
Your spell library was empty.

Dungeon Overview and Level Annotations

Branches:
Dungeon (6/15)
 Temple: D:4-7

Altars:


Message History

You are too injured to fight recklessly!
You slash the orc!
You kill the orc!
You barely miss the orc. The orc closely misses you.
You hit the orc.
The orc is heavily wounded.
The orc hits you with a +0 hand axe.
You closely miss the orc.
The orc is heavily wounded.
The orc barely misses you.
You hit the orc.
You kill the orc!
Your Axes skill increases to level 4!
You see here a +0 hand axe.
You start resting.
You start resting.
HP restored.
There is a stone staircase leading up here.
You see here a +0 short sword.
You see here a +0 short sword.
There is a stone staircase leading up here.
You climb upwards.
The scorpion zombie hits you but does no damage.
There is a stone staircase leading down, spattered with blood here.
You hit the orc but do no damage. You hit the scorpion zombie.
The orc closely misses you. The scorpion zombie hits you.
You barely miss the orc. You hit the scorpion zombie.
The orc hits you with a +0 falchion. The scorpion zombie hits you.
The orc hits you with a +0 falchion. The scorpion zombie hits you.
* * * LOW HITPOINT WARNING * * *
You climb downwards.
There is a stone staircase leading up here.
You hit the orc but do no damage. The orc hits you with a +0 falchion.
* * * LOW HITPOINT WARNING * * *
You hit the orc but do no damage. The orc hits you with a +0 falchion.
* * * LOW HITPOINT WARNING * * *
You hit the orc.
The orc is heavily wounded.
The orc closely misses you. The orc hits you with a +0 falchion.
You die...

.### ..#. ...
..## . #..#
..####..# #
.....#..######..#
#......).#....#
####....@).#
###.o.### #....##
#.....# #.......#
........#
...####.# ..# #..
## ...


You could see an orc.

Levels and vault maps discovered:
D:5:      layout_rooms
D:6:      layout_layer_cave, yredelemnul_forgotten_temple_becter, serial_shops,
          shop

Notes
Turn   | Place    | Note
-------+----------+-------------------------------------------
     0 | D:5      | ABBCCCDDDD the Hill Orc Delver began the quest for the Orb.
     0 | D:5      | Reached XP level 1. HP: 19/19 MP: 1/1
    19 | D:5      | Noticed a hound
    19 | D:5      | Noticed a scorpion
    41 | D:5      | Killed a hound
    42 | D:5      | Reached skill level 1 in Armour
    42 | D:5      | Reached XP level 2. HP: 11/27 MP: 2/2
    42 | D:5      | Reached XP level 3. HP: 14/33 MP: 3/3
   644 | D:6      | Slain by an orc

Table legend: (Time is in decaauts)
 A = Elapsed time spent in this place.
 B = Non-inter-level travel time spent in this place.
 C = Inter-level travel time spent in this place.
 D = Time resting spent in this place.
 E = Time spent auto-exploring this place.
 F = Levels seen in this place.
 G = Mean time per level.
                   A        B        C        D        E       F      G
               +--------+--------+--------+--------+--------+-----+--------+
         Total |    631 |    631 |      0 |    531 |     18 |   2 |  315.5 |
       Dungeon |    631 |    631 |      0 |    531 |     18 |   2 |  315.5 |
               +--------+--------+--------+--------+--------+-----+--------+

Top non-repeatable levels by time:
     D:5: 340 daAuts
     D:6: 291 daAuts

Table legend:
 A = Kills in this place as a percentage of kills in entire the game.
 B = Kills by you in this place as a percentage of kills by you in the entire game.
 C = Kills by friends in this place as a percentage of kills by friends in the entire game.
 D = Other kills in this place as a percentage of other kills in the entire game.
 E = Experience gained in this place as a percentage of experience gained in the entire game.
 F = Experience gained in this place divided by the number of levels of this place that you have seen.
                   A       B       C       D       E      F
               +-------+-------+-------+-------+-------+----------------------
         Total | 100.0 | 100.0 |   N/A |   N/A | 100.0 |  26.0
       Dungeon | 100.0 | 100.0 |   N/A |   N/A | 100.0 |  26.0
               +-------+-------+-------+-------+-------+----------------------

Action                   || total
-------------------------++-------
Melee: Hand axe          ||    30
  Use: Potion            ||     1
Armor: Leather armour    ||     5
Dodge: Dodged            ||    16

Vanquished Creatures
  A hound (D:5)
  3 orcs (D:6)
4 creatures vanquished.
